AoeStats
← 自古多情空餘恨

Baltic

510396156Analyzed
2v2 RM · 2d ago on Sep 30, 2026· 25m 13s· 4 players
Game mode
Random Map
Map size
Medium (4 player)
Population
200
Speed
Normal
Resources
Standard
Victory
Conquest
Starting age
Dark Age
Ending age
Imperial Age
RankedLock teamsTeams togetherTeam positionsShared explorationLock speedFull tech treeHidden civsTurbo modeCheats
Victory
Defeat
🇭🇰 Koreans · Hong Kong SAR China
972
+15
🇲🇽 Teutons · Mexico
957
+16
🇬🇷 Italians · Greece
983
-31
🇬🇷 Varangians · Greece
927
-14
johnhar33
9:54 Loom
11:40 Feudal Age
13:57 Fishing Lines
14:30 Double-Bit Axe
24:05 Castle Age
23:02 Arson
23:10 Gold Mining
23:10 Stone Mining
25:11 Medium Warships
24:58 Gillnets
PhantomGR
10:19 Feudal Age
10:48 Fishing Lines
12:35 Wheelbarrow
12:14 Loom
14:28 Double-Bit Axe
NIXXT103
3:48 Loom
11:21 Feudal Age
11:49 Double-Bit Axe
14:43 Forging
18:00 Scale Barding Armor
20:39 Castle Age
18:56 Gold Mining
19:18 Horse Collar
20:36 Bloodlines
21:34 Bow Saw
21:48 Heavy Plow
21:42 Fishing Lines
24:28 Wheelbarrow
23:57 Town Watch
26:14 Iron Casting
自古多情空餘恨
2:35 Loom
13:46 Feudal Age
15:05 Double-Bit Axe
16:10 Wheelbarrow
19:00 Horse Collar
22:53 Gold Mining
22:57 Stone Mining
25:11 Castle Age
Connection lost

Rejoining the realm…

Still unreachable

The connection could not be restored.

Session expired

The server has moved on; the page needs a fresh start.